 Dungeon Crawl Stone Soup version 0.22.1-2-g9c5b331383 (webtiles) character file.

151 Jerry the Slasher (level 5, 0/41 HPs)
             Began as a Merfolk Gladiator on Nov 24, 2018.
             Slain by Grinder (5 damage)
             ... while paralysed by Grinder
             ... on level 3 of the Dungeon.
             The game lasted 00:06:16 (2343 turns).

Jerry the Slasher (Merfolk Gladiator)               Turns: 2343, Time: 00:06:17

Health: 0/41       AC:  4    Str: 16    XL:     5   Next: 33%
Magic:  5/5        EV:  2    Int:  7    God:
Gold:   82         SH:  0    Dex: 15    Spells: 4/4 levels left

rFire    . . .     SeeInvis .   a - +0 long sword
rCold    . . .     Gourm    .   (no shield)
rNeg     . . .     Faith    .   b - +0 leather armour
rPois    .         Spirit   .   c - +0 helmet
rElec    .         Reflect  .   (no cloak)
rCorr    +         Harm     .   (no gloves)
MR       .....                  (no boots)
Stlth    +.........             (no amulet)
HPRegen  0.13/turn              q - ring of flight
MPRegen  0.09/turn              s - ring of resist corrosion

@: paralysed
A: change form in water, swift swim, stealthy swim
a: Evoke Flight


You were on level 3 of the Dungeon.
You were not hungry.

You visited 1 branch of the dungeon, and saw 3 of its levels.

You collected 82 gold pieces.

Inventory:

Hand Weapons
 a - a +0 long sword (weapon)
Missiles
 d - 2 throwing nets (quivered)
Armour
 b - a +0 leather armour (worn)
 c - a +0 helmet (worn)
 w - a +0 scale mail
Jewellery
 p - an uncursed amulet of guardian spirit {unknown}
 q - a ring of flight (left hand)
 s - a ring of resist corrosion (right hand)
Scrolls
 e - 2 scrolls of fear
 g - a scroll of noise
 l - a scroll of blinking {unknown}
 m - 2 scrolls of remove curse
 r - a scroll of amnesia {unknown}
Potions
 h - 2 potions of curing {unknown}
 i - a potion of berserk rage {unknown}
 j - a potion of mutation {unknown}
 k - a potion of brilliance {unknown}
 n - 2 potions of lignification {unknown}
 o - a potion of haste {unknown}
 u - a potion of flight {unknown}
 v - a potion of cancellation {unknown}
 x - a potion of might {unknown}
Comestibles
 f - 2 rations
 t - 5 chunks of flesh


   Skills:
 + Level 3.4 Fighting
 * Level 5.0 Long Blades
 - Level 2.0 Throwing
 + Level 1.6 Armour
 - Level 4.0 Dodging


You had 4 spell levels left.
You didn't know any spells.
Your spell library was empty.

Dungeon Overview and Level Annotations

Branches:
Dungeon (3/15)

Altars:

Annotations:
D:3 1 runed door, Grinder


Message History

Grinder shouts!
Grinder is too close now for your liking.
Grinder gestures at you. Pain shoots through your body!
Grinder blinks!
There is a stone staircase leading up here.
You closely miss Grinder. Grinder hits you but does no damage.
You closely miss Grinder. Grinder hits you!
You writhe in agony.
Grinder misses you.
You closely miss Grinder. Grinder gestures at you.
You suddenly lose the ability to move!
Grinder hits you.
Grinder blinks!
Grinder hits you!
* * * LOW HITPOINT WARNING * * *
You writhe in agony.
* * * LOW HITPOINT WARNING * * *
Grinder hits you.
You die...

.#...#.###...##.##........# #>...
P....(..........##.##...#.###.###
P..)..........................#
.......#.#...##.##.##.#....##.#
P...................).#....##.###
P............#..#####.#..........
.......#.#.......[)...).........)
......##.#........)..)...........
................@.............###
##.#.....5#.....##......#
..........#.....##......###
..........####..##.........
.......#.# #..##......###
......#.####..##.........
...............##..#[### #...
.....#..#.##..#<#
#.##.#..#.##...[#


You could see Grinder.

Vanquished Creatures
  Robin (D:3)
  4 adders (D:2)
  2 oozes (D:1)
  3 dart slugs
  2 leopard geckos
  5 orcs
  A giant cockroach (D:2)
  24 goblins
  10 hobgoblins
  2 jackals (D:3)
  2 quokkas
  7 bats
  3 frilled lizards
  6 kobolds
  6 rats
78 creatures vanquished.

Notes
Turn   | Place    | Note
-------+----------+-------------------------------------------
     0 | D:1      | Jerry the Merfolk Gladiator began the quest for the Orb.
     0 | D:1      | Reached XP level 1. HP: 16/16 MP: 1/1
   132 | D:1      | Reached XP level 2. HP: 20/23 MP: 2/2
   392 | D:1      | Reached skill level 4 in Long Blades
   392 | D:1      | Reached XP level 3. HP: 27/28 MP: 3/3
   821 | D:2      | Reached skill level 1 in Armour
  1121 | D:2      | Reached XP level 4. HP: 30/34 MP: 4/4
  1656 | D:3      | Noticed Robin
  1661 | D:3      | Killed Robin
  1661 | D:3      | Reached XP level 5. HP: 39/41 MP: 5/5
  1888 | D:3      | Found a runed door.
  1906 | D:3      | Reached skill level 5 in Long Blades
  1968 | D:3      | Noticed Grinder
  2338 | D:3      | Paralysed by Grinder for 6 turns
  2343 | D:3      | Slain by Grinder

Skill      XL: |  1  2  3  4  5 |
---------------+----------------+-----
Long Blades    | 4 5 |  5.0
Armour         | 1 |  1.6
Fighting       | 3 |  3.4
Throwing       | |  2.0
Dodging        | |  4.0

Action                   |  1- 3 |  4- 6 || total
-------------------------+-------+-------++-------
Melee: Long sword        |    94 |   102 ||   196
Throw: Throwing net      |     1 |     2 ||     3
  Use: Scroll            |     1 |     2 ||     3
 Stab: Held in net/web   |       |     1 ||     1
  Eat: Chunk             |     1 |     4 ||     5
Armor: Leather armour    |    24 |    29 ||    53
Dodge: Dodged            |    79 |   111 ||   190
       Rpst.: Long sword |    23 |    30 ||    53
